 Dungeon Crawl Stone Soup version 0.27.1-3-gb3d3a73c9e (webtiles) character file.

Game seed: 4864465697257652096

49 AkiraZoot the Sneak (level 3, 0/16 HPs)
             Began as a Spriggan Enchanter on Oct 11, 2021.
             Slain by a hobgoblin (1 damage)
             ... on level 2 of the Dungeon.
             The game lasted 00:01:39 (265 turns).

AkiraZoot the Sneak (Spriggan Enchanter)             Turns: 265, Time: 00:01:41

Health: 0/16       AC:  2    Str:  4    XL:     3   Next: 51%
Magic:  2/8        EV: 17    Int: 17    God:
Gold:   8          SH:  0    Dex: 15    Spells: 4/7 levels left

rFire    . . .     SeeInvis +   a - +1 dagger
rCold    . . .     Faith    .   (shield restricted)
rNeg     . . .     Spirit   .   b - +0 robe
rPois    .         Reflect  .   (helmet restricted)
rElec    .         Harm     .   (no cloak)
rCorr    .         Rampage  .   (gloves unavailable)
Will     .....                  (boots unavailable)
Stlth    +++.......             (no amulet)
HPRegen  0.05/turn              (no ring)
MPRegen  0.11/turn              (no ring)

@: very slightly contaminated, very quick
A: very small, no large weapons, unfitting armour, see invisible, speed 3
a: no special abilities


You were on level 2 of the Dungeon.
You visited 1 branch of the dungeon, and saw 2 of its levels.

You collected 8 gold pieces.

Inventory:

Hand Weapons
 a - a +1 dagger (weapon)
Armour
 b - a +0 robe (worn)
Scrolls
 c - a scroll of fear {unknown}


   Skills:
 + Level 2.8 Short Blades
 - Level 2.6 Dodging
 + Level 5.9 Stealth
 - Level 2.6 Spellcasting
 - Level 3.6 Hexes


You had 4 spell levels left.
You knew the following spells:

 Your Spells              Type           Power      Damage    Failure   Level
a - Ensorcelled Hibernat  Hex/Ice        16%        N/A       13%         2
b - Corona                Hex            15%        N/A       4%          1

Your spell library contained the following spells:

 Spells                   Type           Power      Damage    Failure   Level
 Confusing Touch          Hex            14%        N/A       12%         3
 Tukima's Dance           Hex            14%        N/A       12%         3
 Dazzling Flash           Conj/Hex       16%        N/A       26%         3


Dungeon Overview and Level Annotations

Branches:
Dungeon (2/15)

Altars:

Shops:
D:2 [

Annotations:
D:2 Natasha


Innate Abilities, Weirdness & Mutations

You are very small and have problems with some larger weapons.
You are too small for most types of armour.
You have supernaturally acute eyesight. (SInv)
You cover ground extremely quickly. (Speed+++)


Message History

Natasha extends her claws.
You hit the hobgoblin.
The hobgoblin is moderately wounded.
The hobgoblin hits you.
Casting: Ensorcelled Hibernation (safe; 13% risk of failure)
Confirm with . or Enter, or press ? or * to list all spells.
Aiming: Ensorcelled Hibernation (safe; 13% risk of failure)
Press: ? - help, Shift-Dir - straight line, f - hobgoblin
Aim: a hobgoblin (moderately wounded, chance to affect: 57%)
The hobgoblin resists with significant effort.
The hobgoblin closely misses you.
Casting: Ensorcelled Hibernation (safe; 13% risk of failure)
Confirm with . or Enter, or press ? or * to list all spells.
Aiming: Ensorcelled Hibernation (safe; 13% risk of failure)
Press: ? - help, Shift-Dir - straight line, f/p - hobgoblin
Aim: a hobgoblin (moderately wounded, chance to affect: 57%)
You miscast Ensorcelled Hibernation.
You are very lightly contaminated with residual magic.
Nothing appears to happen.
The hobgoblin hits you.
Natasha mumbles some strange words.
You feel troubled.
You hit the hobgoblin.
The hobgoblin is severely wounded.
Natasha casts a spell at you. You resist with some effort.
The hobgoblin misses you.
You barely miss the hobgoblin.
The hobgoblin is severely wounded.
Natasha hisses.
Natasha casts a spell.
The hobgoblin closely misses you.
You hit the hobgoblin but do no damage.
The hobgoblin is severely wounded.
The hobgoblin completely misses you.
You barely miss the hobgoblin.
The hobgoblin is severely wounded.
Natasha claws you!
Ouch! That really hurt!
* * * LOW HITPOINT WARNING * * *
The hobgoblin hits you.
You die...

####### ......# ......# ......#
....†.## †......#########
...............#########
...^..########5h@g...... ......#
########### .>...†### #..#....#
##.#....# ##### #.#....#
####....
#.#....##################....###
#.#.....†.................####
#.#....####################


You could see an iron imp (summoned), Natasha (resistant) and a hobgoblin.

Vanquished Creatures
  Natasha (D:2)
  2 adders (D:2)
  3 giant cockroaches (D:2)
  A quokka (D:2)
7 creatures vanquished.

Notes
Turn   | Place    | Note
-------+----------+-------------------------------------------
     0 | D:1      | AkiraZoot the Spriggan Enchanter began the quest for the
                  | Orb.
     0 | D:1      | Reached XP level 1. HP: 9/9 MP: 5/5
    10 | D:1      | You fall into a shaft and drop 1 floor!
    10 | D:2      | Found Gyasul's Armour Boutique.
    42 | D:2      | Reached skill level 5 in Stealth
    42 | D:2      | Reached XP level 2. HP: 13/13 MP: 6/6
    45 | D:2      | Learned a level 2 spell: Ensorcelled Hibernation
   233 | D:2      | Noticed Natasha
   234 | D:2      | Killed Natasha
   235 | D:2      | Reached XP level 3. HP: 16/16 MP: 5/8
   241 | D:2      | Noticed Natasha
   265 | D:2      | Slain by a hobgoblin

Illustrated notes

Levels and vault maps discovered:
D:1:      lemuel_arrival_behind_the_door_large, layout_basic, serial_shops,
          shop, minmay_small_reverse_x
D:2:      layout_rooms, serial_shops, shop, shop,
          nicolae_shop_competitors_out_of_business, nicolae_shop_behind_doors,
          hellmonk_ecumenical_altar_run_dry, minmay_lizard_pond, uniq_natasha,
          uniq_robin

Skill      XL: |  1  2 |
---------------+-------+-----
Stealth        | 5 |  5.9
Short Blades   | 2 |  2.8
Dodging        | |  2.6
Spellcasting   | |  2.6
Hexes          | |  3.6

Action                   || total
-------------------------++-------
Melee: Dagger            ||    18
 Cast: Corona            ||     2
       Ensorcelled Hiber ||     8
 Stab: Sleeping          ||     6
Armor: Robe              ||     1
Dodge: Dodged            ||    14
